Unix NetHack Version 5.0.0-0 post-release - last build May  4 2026 22:22:43 (774f63e81ad911689b3a0859ea89b322d5daca8d,branch:main).

Game began 2026-05-08 05:22:11, ended 2026-05-08 05:43:56.

08245982402, neutral male gnomish Caveman

  ------------                  -----                         -------
  |..........|      -----       |.>.|                         |......#
  |..........|      |...|      #-...|                         |.....|#
  |..........|     #....|      #|...|                         |.....|#
  |..........|######|...|      #|....#                        |.....|#
  |....^.....|     #|...|     ##---|-#                        --|----#
  |..........-##  ##|...|     #    ####                         #    #
  ------.----- #####-|-|-     #      ###                        #    #
        ##       # #######    #      # ###                     ##    #
         #     ###   ##  ########### #---|-----------          #     ##
         ####  #      ### #   #    # #-..............##        #      #
            #  #     ---.-|- ##       |..........^..| #        #      # ------
            #  #     |.....| #        |.............| ###      #      # |.+++|
     -------.--#  ###....<.-##        ---------------   #  ----|--    # |.+++|
     |.........#  #  |.....|                            ###|.....|  ####-.+++|
     |........|   #  -------                              #.._....###   ------
     |........dd@##                                        |.....|
     ----------                                            -------

08245982402 the Aborigine  St:17 Dx:13 Co:18 In:10 Wi:11 Ch:7  Neutral
Dlvl:3  $:31 HP:0(33) Pw:9(9) AC:8  Xp:3 T:1740 

Latest messages:
 You hit the iguana.
 You knock the iguana back with a powerful blow!
 In what direction? 2
 The flint stone hits the iguana.
 You kill the iguana!
 You see here an uncursed flint stone.
 c - an uncursed flint stone (in quiver pouch) (19 in total).
 You swap places with Slasher.
 You hit the werejackal.
 The werejackal hits!
 You hit the werejackal!
 The werejackal hits!
 In what direction? 8
 The flint stone hits the werejackal.
 The werejackal hits!
 You hit the werejackal.
 The werejackal changes into a jackal.
 The werejackal bites!
 You swap places with Slasher.
 Slasher misses the werejackal.
 The bat bites!
 In what direction? 6
 The flint stone misses the bat.
 The bat bites!
 Slasher misses the bat.
 The bat bites!
 Slasher bites the bat.
 The bat is killed!
 You see here an uncursed flint stone.
 You swap places with Slasher.
 You see here an uncursed flint stone.
 Slasher bites the werejackal.
 The werejackal picks up an uncursed flint stone.
 Slasher bites the werejackal.
 The werejackal hits Slasher.
 The werejackal hits!
 The werejackal changes into a jackal.
 The werejackal bites!
 In what direction? 4
 The flint stone misses the werejackal.
 The werejackal bites!
 You feel feverish.
 You hit the werejackal.
 The werejackal bites!
 You die...
 Do you want your possessions identified? [ynq] (y) y
 Do you want to see your attributes? [ynq] (y) y
 Do you want an account of creatures vanquished? [ynaq] (y) y
 Do you want to see your conduct and achievements? [ynq] (y) y
 Do you want to see the dungeon overview? [ynq] (y) y

Inventory:
 Coins    ('$')
  $ - 31 gold pieces
 Weapons  (')')
  l - a cursed -1 orcish dagger
  s - a +0 broadsword
  a - a +1 club (weapon in right hand)
 Armor    ('[')
  k - an uncursed +0 orcish helm
  e - an uncursed +0 leather armor (being worn)
 Comestibles  ('%')
  r - an uncursed food ration
  i - an uncursed lichen corpse
 Scrolls  ('?')
  o - an uncursed scroll of enchant armor
 Potions  ('!')
  q - an uncursed potion of confusion
  p - an uncursed potion of levitation
  g - an uncursed potion of object detection
  m - an uncursed potion of speed
 Tools    ('(')
  f - an uncursed lock pick
 Gems/Stones  ('*')
  c - 16 uncursed flint stones (in quiver pouch)
  d - 27 uncursed rocks

08245982402 the Caveman's attributes:

Background:
 You were an Aborigine, a level 3 gnomish Caveman.
 You were neutral, nominally on a mission for Ishtar
 who was opposed by Anu (lawful) and Anshar (chaotic).
 You were right-handed.
 You were in the Dungeons of Doom, on level 3.
 You entered the dungeon 1740 turns ago.
 It was nighttime.
 You had 48 experience points, 32 more were needed to attain level 4.

Basics:
 You had 0 out of 33 hit points.
 You had all 9 energy points (spell power).
 Your armor class was 8.
 Your wallet contained 31 zorkmids.
 Autopickup was off.

Final Characteristics:
 Your strength was 17 (limit:18/50).
 Your dexterity was 13 (limit:18).
 Your constitution was 18 (limit:18).
 Your intelligence was 10 (limit:19).
 Your wisdom was 11 (limit:18).
 Your charisma was 7 (limit:18).

Final Status:
 You weren't hungry.
 You were unencumbered.
 You were wielding a club.
 You had basic skill with club.

Final Attributes:
 You were fervently aligned.
 You were level-drain resistant.
 You had infravision.
 You were warded.
 You were a werejackal.
 You were harmed by silver.
 You are dead.

Miscellaneous:
 You didn't encounter any bones levels.
 Total elapsed playing time was 21 minutes and 43 seconds.

Major events:
 Turn
    1: 08245982402 the neutral gnomish Caveman entered the dungeon
 1430: attained the rank of Aborigine (level 3)
 1740: killed by a werejackal

You didn't know any spells.

Skills:
 Fighting Skills
   bare handed combat [Basic]
 Weapon Skills
   dagger             [Unskilled]
   knife              [Unskilled]
   axe                [Unskilled]
   pick-axe           [Unskilled]
   club               [Basic]
   mace               [Unskilled]
   morning star       [Unskilled]
   flail              [Unskilled]
   hammer             [Unskilled]
   quarterstaff       [Unskilled]
   polearms           [Unskilled]
   spear              [Unskilled]
   trident            [Unskilled]
   bow                [Unskilled]
   sling              [Basic]
   boomerang          [Unskilled]
   unicorn horn       [Unskilled]
 Spellcasting Skills
   attack spells      [Unskilled]
   matter spells      [Unskilled]

Voluntary challenges:
 Character rerolling was not enabled.
 You followed a strict vegan diet.
 You were an atheist.
 You were illiterate.
 You never genocided any monsters.
 You never polymorphed an object.
 You never changed form.
 You used no wishes.
Achievements:
 You attained the rank of Aborigine.
 You entered a shop.

 The Dungeons of Doom: levels 1 to 3
    Level 1:
    Level 2:
       A fountain, a grave.
    Level 3: <- You were here.
       A bookstore, an altar to Ishtar.
       Final resting place for
          you, killed by a werejackal.


Vanquished creatures:
 an iguana
 an acid blob
  a coyote
  a gas spore
  a brown mold
  2 geckos
  2 jackals
  a fox
  2 goblins
  2 sewer rats
  7 grid bugs
  a bat
  2 lichens
  a kobold zombie
  2 newts
27 creatures vanquished.

No species were genocided or became extinct.

Game over:
                       ----------
                      /          \
                     /    REST    \
                    /      IN      \
                   /     PEACE      \
                  /                  \
                  |   08245982402    |
                  |      31 Au       |
                  |   killed by a    |
                  |    werejackal    |
                  |                  |
                  |                  |
                  |       2026       |
                 *|     *  *  *      | *
        _________)/\\_//(\/(/\)/\//\/|_)_______

Goodbye 08245982402 the Caveman...

You died in The Dungeons of Doom on dungeon level 3 with 320 points,
and 31 pieces of gold, after 1740 moves.
You were level 3 with a maximum of 33 hit points when you died.

